 Dungeon Crawl Stone Soup version 0.28.0-45-g0d030f2227 (webtiles) character file.

Game seed: 8786896433380791624

1 NinjaNoafa the Caller (level 1, 6/13 HPs)
             Began as a Merfolk Summoner on Apr 7, 2022.
             Quit the game on level 1 of the Dungeon.
             The game lasted 00:00:46 (65 turns).

NinjaNoafa the Caller (Merfolk Summoner)              Turns: 65, Time: 00:00:47

Health: 6/13       AC:  2    Str:  8    XL:     1   Next: 20%
Magic:  1/3        EV: 12    Int: 14    God:
Gold:   0          SH:  0    Dex: 14    Spells: 3/4 levels left

rFire   . . .      SeeInvis .   (no weapon)
rCold   . . .      Faith    .   (no shield)
rNeg    . . .      Spirit   .   a - +0 robe
rPois   .          Reflect  .   (no helmet)
rElec   .          Harm     .   (no cloak)
rCorr   .          Rampage  .   (no gloves)
Will    .....                   (no boots)
Stlth   ++........              (no amulet)
HPRegen 0.04/turn               (no ring)
MPRegen 0.08/turn               (no ring)

@: no status effects
A: (nimble swimmer 2), mertail
a: no special abilities


You were on level 1 of the Dungeon.
You visited 1 branch of the dungeon, and saw 1 of its levels.

Inventory:

Missiles
 b - 5 boomerangs
 c - 6 poisoned darts
Armour
 a - a +0 robe (worn)


   Skills:
 + Level 2.7 Dodging
 + Level 2.2 Stealth
 + Level 2.0 Spellcasting
 * Level 4.0 Summonings


You had 3 spell levels left.
You knew the following spells:

 Your Spells              Type           Power      Damage    Failure   Level
a - Summon Small Mammal   Summ           48%        N/A       4%          1

Your spell library contained the following spells:

 Spells                   Type           Power      Damage    Failure   Level
 Call Imp                 Summ           12%        N/A       7%          2
 Call Canine Familiar     Summ           12%        N/A       14%         3
 Summon Guardian Golem    Hex/Summ       7%         N/A       30%         3
 Summon Lightning Spire   Summ/Air       7%         N/A       71%         4


Dungeon Overview and Level Annotations

Branches:
Dungeon (1/15)

Altars:


Innate Abilities, Weirdness & Mutations

((You are very nimble when in or above water. (Stealth+, EV+, Speed+++)))
Your lower body shifts to a powerful aquatic tail in water.


Message History

The giant cockroach bites your rat.
Your rat closely misses the giant cockroach.
The giant cockroach bites your rat.
Your rat dies!
Your rat's corpse disappears in a puff of smoke!
Your bat barely misses the giant cockroach.
Your bat hits the giant cockroach but does no damage.
The giant cockroach bites you.
You hit the giant cockroach but do no damage.
Your punch misses the giant cockroach.
The giant cockroach is heavily wounded.
Your bat hits the giant cockroach but does no damage.
The giant cockroach barely misses you.
You hit the giant cockroach but do no damage.
The giant cockroach is heavily wounded.
Your bat misses the giant cockroach.
The giant cockroach bites you but does no damage.
Your bat hits the giant cockroach but does no damage.
You closely miss the giant cockroach.
The giant cockroach is heavily wounded.
The giant cockroach closely misses you.
Your bat hits the giant cockroach but does no damage.
The giant cockroach barely misses you.
You hit the giant cockroach but do no damage.
The giant cockroach is heavily wounded.
Your bat hits the giant cockroach.
The giant cockroach completely misses you.
You barely miss the giant cockroach.
The giant cockroach is heavily wounded.
The giant cockroach bites you but does no damage.
Your bat barely misses the giant cockroach.
You hit the giant cockroach but do no damage.
The giant cockroach is heavily wounded.
Your bat completely misses the giant cockroach.
The giant cockroach closely misses you.
You closely miss the giant cockroach.
The giant cockroach is heavily wounded.
Your bat barely misses the giant cockroach.
The giant cockroach closely misses you.
Your bat hits the giant cockroach.
Are you sure you want to abandon this character and quit the game? (Confirm with "yes".)

#.............#...#.#
#.............##.##.#
#......<......#.....#
#.............##.####
#.............##.#
#+...........###.#
##.........####.#
##.......##.##.#
##.....##...#@#
###.#+#....B.#
#...†.b### #...#...##
### #####


You could see a giant cockroach (ally target) and a friendly bat (summoned).

Vanquished Creatures (collateral kills)
  A bat (D:1)
1 creature vanquished.

Notes
Turn   | Place    | Note
-------+----------+-------------------------------------------
     0 | D:1      | NinjaNoafa the Merfolk Summoner began the quest for the
                  | Orb.
     0 | D:1      | Reached XP level 1. HP: 13/13 MP: 3/3
    65 | D:1      | Quit the game

Illustrated notes

Levels and vault maps discovered:
D:1:      lemuel_arrival_rhombus, layout_loops_cross,
          shapermc_ecumenical_altar_mp_highgroup, minmay_tetromino_o4

Action                   || total
-------------------------++-------
Melee: Unarmed           ||    16
 Cast: Summon Small Mamm ||     4
Armor: Robe              ||    11
Dodge: Dodged            ||    26
